 Dungeon Crawl Stone Soup version 0.31-a0-202-g547052bce9 (webtiles) character file.

Game seed: 17466024519457728813

2778 lunkers the Geomancer (level 10, -5/64 (69) HPs)
             Began as a Meteoran Wanderer on June 26, 2023.
             Was a Follower of Vehumet.
             Slain by a wight
             ... wielding a +0 spear
              (6 damage)
             ... on level 7 of the Dungeon.
             The game lasted 00:08:10 (3269 turns).

lunkers the Geomancer (Meteoran Wanderer)           Turns: 3269, Time: 00:08:11

HP:   -5/64 (69)    AC:  3    Str: 23    XL:     10   Next: 21%
MP:   19/23         EV: 12    Int: 18    God:    Vehumet [*.....]
Gold: 399           SH:  9    Dex: 17    Spells: 17/26 levels left

rFire   . . .        a - +2 short sword (elec)
rCold   . . .        d - +0 buckler
rNeg    . . .        (no body armour)
rPois   .            l - +1 helmet
rElec   .            s - +0 cloak
rCorr   .            (no gloves)
SInv    .            (no boots)
Will    +....        j - amulet of reflection
Stlth   +            k - +6 ring of strength
HPRegen 0.30/turn    n - +6 ring of strength
MPRegen 0.18/turn

%: reflection
@: glowing, studying Evocations, drained
A: sense surroundings 2, otherworldly, glowing, explore regen
a: Renounce Religion


You were on level 7 of the Dungeon.
You worshipped Vehumet.
Vehumet was aware of your devotion.
You visited 1 branch of the dungeon, and saw 7 of its levels.

You collected 399 gold pieces.

Inventory:

Hand Weapons
 a - a +2 short sword of electrocution (weapon)
 b - a +1 dagger of speed
 x - a +0 dagger
Armour
 c - a +0 robe
 d - a +0 buckler (worn)
 e - a +3 leather armour of willpower
 l - a +1 helmet (worn)
 s - a +0 cloak (worn)
Jewellery
 j - an amulet of reflection (around neck)
 k - a +6 ring of strength (left hand)
 n - a +6 ring of strength (right hand)
 t - an amulet of guardian spirit
Scrolls
 h - a scroll of identify
 p - a scroll of revelation
Potions
 m - 2 potions of attraction
 o - 3 potions of curing
 q - 2 potions of brilliance
 r - 3 potions of berserk rage
 u - a potion of haste
 v - 2 potions of invisibility
 w - a potion of heal wounds


   Skills:
 - Level 0.1 Short Blades
 - Level 1.6 Armour
 - Level 2.7 Dodging
 - Level 1.6 Shields
 + Level 8.5 Spellcasting
 * Level 4.8 Conjurations
 - Level 1.5 Air Magic
 * Level 12.6 Earth Magic


You had 17 spell levels left.
You knew the following spells:

 Your Spells              Type           Power      Damage    Failure   Level
a - Sandblast             Erth           100%       2d20      1%          1
b - Petrify               Tmut/Erth      30%        N/A       9%          4
c - Sticky Flame          Conj/Fire      16%        2d4       38%         4

Your spell library contained the following spells:

 Spells                   Type           Power      Damage    Failure   Level
 Freeze                   Ice            28%        1d5       12%         1
 Magic Dart               Conj           100%       1d8       1%          1
 Searing Ray              Conj           50%        2d6       2%          2
 Shock                    Conj/Air       76%        1d7       3%          1
 Animate Armour           Summ/Erth      60%        N/A       9%          4
 Apportation              Tloc           14%        N/A       12%         1
 Vhi's Electric Charge    Tloc/Air       20%        N/A       24%         3
 Ignite Poison            Fire/Tmut/Pois 7%         N/A       34%         3
 Ozocubu's Armour         Ice            7%         N/A       34%         3
 Fulminant Prism          Conj/Hex       8%         3d6       38%         4
 Alistair's Intoxication  Tmut/Pois      4%         N/A       97%         5
 Metabolic Englaciation   Hex/Ice        3%         N/A       97%         5
 Simulacrum               Ice/Necr       3%         N/A       100%        6
 Ignition                 Fire           3%         3d4       100%        8


Dungeon Overview and Level Annotations

Branches:
Dungeon (7/15) Zot: 818
 Temple: D:4-7

Altars:
Okawaru
Ru
Trog
Vehumet
Xom
Zin

Shops:
D:1 :

Annotations:
D:5 1 runed translucent door


Innate Abilities, Weirdness & Mutations

You passively map the area around you.
You are easily found by Zot.
You glow in the dark.
You regain HP and MP as you explore.


Message History

A wight comes into view.
It is wielding a +0 spear and carrying a wand of roots (3).
Casting: Sandblast (safe; 1% risk of failure)
Confirm with . or Enter, or press ? or * to list all spells.
The blast of sand hits the sleepcap!
The sleepcap is severely damaged.
The sleepcap releases spores at you!
You are engulfed in a cloud of soporific spores!
You fall asleep.
The wight hits you from afar with a +0 spear!
You wake up.
You feel drained.
* * * LOW HITPOINT WARNING * * *
You block the orc's attack.
An orc wizard comes into view. It is wielding a +0 dagger.
The orc wizard shouts!
Unknown command.
Unknown command.
Okay, then.
The orc attacks as you move away! The orc hits you with a +0 flail!
* * * LOW HITPOINT WARNING * * *
The orc wizard attacks as you move away!
The orc wizard hits you with a +0 dagger.
* * * LOW HITPOINT WARNING * * *
You hear a shout!
The sleepcap completely misses you. You block the wight's attack.
The wight hits you from afar with a +4 halberd of freezing!
* * * LOW HITPOINT WARNING * * *
The wight freezes you.
* * * LOW HITPOINT WARNING * * *
The wight hits you with a +0 spear.
* * * LOW HITPOINT WARNING * * *
You feel drained.
* * * LOW HITPOINT WARNING * * *
Unknown command.
You hit the orc. Lightning courses through the orc!!
You kill the orc!
Vehumet accepts your kill. The wight hits you with a +0 spear.
* * * LOW HITPOINT WARNING * * *
The wight hits you with a +0 spear.
You die...

,,,,,,*,,,,,..,**,,,,,,,,,,,,,*,*
*,,,,,,,,,**#..##.......###.,,,,,
,,*,,<,,,,*##...##.......##.,,,,,
*,***,,,,,,,.)..####........,**,,
*,,***,,,,,,*#..###.........**,,,
**,**,,,,,,,*##)###.....#...,**,,
*,>,,,*,.,,,##..##§...##.#..***,
**,,*(##.....##)f§#§##.......* *,
*,,###.#........@o§§.##.##.[#* *,
,,,#............zzz§###.....####,
,,,,#...........§§z§##.........,,
,,*##.......###..............#,,,
,,,.........#...............#####
,,*,*,#....##.............<.#..#.
,,****##....................#....
,,**###.##....................)..
.,,............................).


You could see a sleepcap, 4 wights and an orc wizard.

Vanquished Creatures
  Pikel (D:6)
  The ghost of TittyCrusher the Frost Mage, a novice OpIE (D:5)
  A steam dragon (D:4)
  2 water moccasins
  A black bear (D:7)
  5 ogres
  2 phantoms (D:5)
  A kobold brigand (D:7)
  A bullfrog (D:6)
  3 scorpions
  A howler monkey (D:3)
  3 hounds
  A quasit (D:6)
  An orc priest (D:6)
  Crazy Yiuf (D:4)
  An iguana (D:5)
  5 orc wizards
  A statue (D:5)
  Robin (D:2)
  14 gnolls
  4 adders
  2 shadow imps (D:6)
  6 white imps
  An ufetubus (D:5)
  4 worms
  2 dart slugs
  23 orcs
  4 ball pythons
  8 bats
  7 endoplasms
  6 giant cockroaches
  9 goblins (D:2)
  9 hobgoblins
  3 jackals (D:2)
  12 kobolds
  6 frilled lizards
  12 rats
165 creatures vanquished.

Notes
Turn   | Place    | Note
-------+----------+-------------------------------------------
     0 | D:1      | lunkers the Meteoran Wanderer began the quest for the Orb.
     0 | D:1      | lunkers set off with the following items: a +0 dagger, a
                  | potion of attraction, a +0 robe, a +0 buckler; and the
                  | following spells available to memorise: Sandblast, Shock,
                  | Vhi's Electric Charge, Animate Armour, Petrify.
     0 | D:1      | Reached XP level 1. HP: 14/14 MP: 3/3
     2 | D:1      | Learned a level 1 spell: Sandblast
   125 | D:1      | Found a faded altar of an unknown god.
   182 | D:1      | Reached XP level 2. HP: 20/20 MP: 3/5
   411 | D:1      | Found Yqoanook's Book Shoppe.
   484 | D:2      | Reached skill level 5 in Earth Magic
   484 | D:2      | Reached XP level 3. HP: 26/26 MP: 4/6
   646 | D:2      | Reached XP level 4. HP: 33/33 MP: 4/8
   732 | D:2      | Noticed Robin
   766 | D:2      | Killed Robin
  1072 | D:2      | Glimpsed the power of Zot.
  1123 | D:3      | Reached XP level 5. HP: 38/38 MP: 4/10
  1165 | D:3      | Reached skill level 6 in Earth Magic
  1301 | D:3      | Learned a level 4 spell: Petrify
  1330 | D:3      | Reached XP level 6. HP: 45/45 MP: 9/12
  1411 | D:3      | Reached skill level 7 in Earth Magic
  1641 | D:4      | Found a runed translucent door.
  1642 | D:4      | Noticed Crazy Yiuf
  1742 | D:4      | Killed Crazy Yiuf
  1806 | D:4      | Noticed a steam dragon
  1815 | D:4      | Killed a steam dragon
  1816 | D:4      | Reached XP level 7. HP: 33/50 MP: 9/14
  1969 | D:4      | Reached skill level 8 in Earth Magic
  2077 | D:4      | Noticed a moth of wrath
  2080 | D:4      | Found a bloodstained altar of Trog.
  2124 | D:5      | Entered Level 5 of the Dungeon
  2191 | D:5      | Reached skill level 5 in Spellcasting
  2233 | D:5      | Reached XP level 8. HP: 57/57 MP: 14/17
  2237 | D:5      | Reached skill level 9 in Earth Magic
  2279 | D:5      | Reached skill level 10 in Earth Magic
  2291 | D:5      | Found a runed translucent door.
  2330 | D:5      | Found a runed translucent door.
  2331 | D:5      | Noticed TittyCrusher's ghost (novice OpIE)
  2344 | D:5      | Killed TittyCrusher's ghost
  2345 | D:5      | Gained mutation: You passively map the area around you.
                  | [Meteoran growth]
  2345 | D:5      | Reached XP level 9. HP: 45/62 MP: 11/20
  2529 | D:5      | Reached skill level 11 in Earth Magic
  2590 | D:5      | Found a radiant altar of Vehumet.
  2596 | D:5      | Became a worshipper of Vehumet
  2620 | D:5      | Noticed an angel
  2621 | D:5      | Found a glowing silver altar of Zin.
  2689 | D:5      | Found a sacrificial altar of Ru.
  2889 | D:6      | Learned a level 4 spell: Sticky Flame
  2909 | D:6      | Reached * piety under Vehumet
  2909 | D:6      | Offered knowledge of Freeze by Vehumet.
  2911 | D:6      | Reached skill level 1 in Conjurations
  2973 | D:6      | Found an iron altar of Okawaru.
  3011 | D:6      | Noticed Pikel
  3047 | D:6      | Killed Pikel
  3048 | D:6      | Reached skill level 12 in Earth Magic
  3048 | D:6      | Reached XP level 10. HP: 40/69 MP: 18/23
  3183 | D:7      | Found a shimmering altar of Xom.
  3269 | D:7      | HP: 1/64 [wight/+0 spear (4)]
  3269 | D:7      | Slain by a wight

Illustrated notes

Levels and vault maps discovered:
D:1:      minmay_arrival_wavy_path, layout_basic,
          shapermc_ecumenical_altar_totnotflames, serial_shops, shop_fountains,
          chequers_arboretum, chequers_serial_rivers_micro_a,
          roderic_roman_lattice
D:2:      minmay_spotlight, layout_basic, uniq_robin
D:3:      layout_basic
D:4:      layout_basic, tgw_trog, minmay_temple_entry_grid, st_stairs_8,
          minmay_misc_feat_ornament, minmay_manual_mess, uniq_crazy_yiuf_cottage
D:5:      layout_basic, nicolae_ru_the_path_less_chosen, vehumet_statue,
          lemuel_zombie_altar_kikubaaqudgha, zin_angel, ebering_ghost_sewer_f,
          minmay_tree_intersection, chequers_jeans, kennysheep_small_circle
D:6:      layout_rooms, mainiacjoe_overflow_24_doors, serial_demonic,
          serial_demonic_a, serial_demonic_g, serial_demonic_d,
          serial_demonic_g, sigmund_army, uniq_pikel
D:7:      layout_cave_pools, grunt_nemelex_the_gamble, old_standard_altar,
          kennysheep_windowed_goal

Skill      XL: |  1  2  3  4  5  6  7  8  9 10 |
---------------+-------------------------------+-----
Earth Magic    | 5 6 7 8 10 12 | 12.6
Spellcasting   | 2 3 4 5 6 8 |  8.5
Conjurations   | 3 4 |  4.8
Short Blades   | |  0.1
Armour         | |  1.6
Dodging        | |  2.7
Shields        | |  1.6
Air Magic      | |  1.5

Action                     |  1- 3 |  4- 6 |  7- 9 | 10-12 || total
---------------------------+-------+-------+-------+-------++-------
  Melee: Dagger            |    18 |     6 |    65 |       ||    89
         Short sword       |       |       |       |     1 ||     1
   Cast: Sandblast         |    33 |    78 |   108 |    35 ||   254
         Petrify           |       |       |     1 |       ||     1
    Use: Scroll            |       |       |     1 |    12 ||    13
   Stab: Petrified         |       |       |    12 |       ||    12
 Armour: Robe              |     6 |     3 |    16 |     1 ||    26
         Skin              |       |       |       |     1 ||     1
  Dodge: Dodged            |    13 |    17 |    30 |     6 ||    66
  Block: Buckler           |     7 |    21 |    39 |     9 ||    76
         Reflection        |       |       |     2 |     3 ||     5

Table legend: (Time is in decaauts)
 A = Elapsed time spent in this place.
 B = Non-inter-level travel time spent in this place.
 C = Inter-level travel time spent in this place.
 D = Time resting spent in this place.
 E = Time spent auto-exploring this place.
 F = Levels seen in this place.
 G = Mean time per level.
                   A        B        C        D        E       F      G
               +--------+--------+--------+--------+--------+-----+--------+
         Total |   3380 |   3279 |    101 |      0 |   2325 |   7 |  482.9 |
       Dungeon |   3380 |   3279 |    101 |      0 |   2325 |   7 |  482.9 |
               +--------+--------+--------+--------+--------+-----+--------+

Top non-repeatable levels by time:
     D:2: 703 daAuts
     D:5: 670 daAuts
     D:3: 526 daAuts
     D:4: 515 daAuts
     D:1: 439 daAuts
     D:6: 357 daAuts
     D:7: 167 daAuts
